Map: [TLMC14] Blackburn

Players

Rogue

  • Race: Zerg Zerg

Scarlett - Winner!

  • Race: Zerg Zerg

Event: DreamHack SC2 Masters 2021 Winter

VOD

Have the link to the VOD?

Description

Time

  • Played on: Nov. 14, 2021, 9:05 a.m.
  • Length: 7:31

All games in this series

Show
View Real Time Build Order
Export as new Build Order

Rogue Zerg 

Build Orders: Hatch First, Zergling Baneling 

Get SALT Encoding   

  12  0:00  Drone  
  13  0:12  Overlord  
  13  0:17  Drone  
  14  0:31  Drone x2  
  16  0:36  Drone  
  17  0:53  Hatchery  
  17  0:56  Drone  
  17  0:59  Drone  
  18  1:09  Extractor  
  17  1:13  Spawning Pool  
  17  1:17  Drone  
  17  1:20  Drone  
  18  1:30  Drone  
  19  1:39  Drone  
  20  1:50  Drone  
  21  2:01  Zergling x2  
  22  2:04  Queen  
  22  2:06  Queen  
  22  2:08  Overlord  
  26  2:12  Drone  
  26  2:13  Metabolic Boost  
  27  2:16  Drone  
  28  2:28  Drone  
  28  2:29  Drone  
  30  2:32  Drone  
  31  2:37  Drone  
  32  2:49  Drone x2, Hatchery  
  33  2:55  Baneling Nest  
  32  2:59  Overlord  
  32  3:01  Zergling x2  
  33  3:06  Zergling x2  
  34  3:14  Drone  
  34  3:17  Zergling x2  
  34  3:18  Zergling x10  
  41  3:23  Queen  
  41  3:25  Overlord  
  41  3:26  Drone  
  44  3:36  Overlord  
  44  3:40  Baneling x2  
  44  3:47  Zergling x6  
  44  3:48  Zergling x10  
  52  3:57  Extractor, Roach Warren  
  52  3:59  Zergling x4  
  51  4:06  Zergling x2  
  48  4:18  Zergling x6  
  48  4:19  Baneling  
  48  4:20  Baneling x3  
  48  4:22  Zergling x2  
  48  4:23  Zergling x8  
  54  4:26  Zergling x2  
  54  4:30  Zergling x2  
  54  4:34  Baneling x2  
  51  4:43  Roach  
  51  4:44  Roach x2  
  55  4:48  Zergling x4  
  55  4:49  Baneling  
  55  4:50  Baneling x3  
  56  4:55  Zergling x2  
  56  4:56  Zergling x12  
  62  5:03  Zergling x2  
  62  5:06  Zergling x2  
  57  5:10  Zergling x2  
  54  5:18  Baneling x2  
  54  5:19  Roach  
  54  5:20  Roach x2  
  54  5:21  Roach  
  60  5:23  Roach  
  60  5:24  Zergling x4  
  64  5:30  Roach  
  64  5:34  Zergling x2  
  64  5:35  Zergling x2  
  62  5:45  Roach  
  62  5:47  Roach x2  
  62  5:48  Overlord  
  62  5:49  Zergling x6  
  64  5:54  Zergling x6  
  64  5:56  Zergling x2  
  64  5:59  Evolution Chamber  
  64  6:02  Roach x2  
  64  6:06  Roach  
  64  6:10  Roach  
  68  6:13  Roach  
  68  6:17  Roach  
  71  6:19  Zergling x6  
  71  6:22  Zergling x2  
  71  6:23  Zergling x2  
  72  6:29  Zergling x2  
  73  6:39  Overlord  
  73  6:41  Overlord  
  73  6:44  Zergling x2  
  65  6:48  Zergling x12  
  60  6:54  Zergling x2  
  60  6:55  Zergling x4  
  60  7:00  Zergling x6  
  47  7:06  Baneling x2  
  47  7:07  Zergling x2  
  47  7:08  Zergling x2  
  47  7:09  Zergling x2  
Show
View Real Time Build Order
Export as new Build Order

Scarlett Zerg - Winner!

Build Orders: Hatch First, Zergling Baneling 

Get SALT Encoding   

  12  0:00  Drone  
  13  0:12  Overlord  
  13  0:16  Drone  
  14  0:30  Drone x2  
  16  0:37  Drone  
  17  0:52  Hatchery  
  17  0:55  Drone  
  17  0:58  Drone  
  18  1:08  Extractor  
  17  1:12  Spawning Pool  
  17  1:15  Drone  
  17  1:19  Drone  
  18  1:28  Drone  
  20  1:40  Drone  
  20  1:49  Overlord  
  20  2:01  Queen  
  20  2:04  Queen  
  20  2:06  Drone x2  
  26  2:09  Metabolic Boost  
  26  2:16  Drone  
  26  2:20  Drone  
  28  2:24  Drone  
  28  2:25  Drone  
  30  2:32  Baneling Nest  
  30  2:34  Zergling x2  
  30  2:36  Zergling x2  
  31  2:47  Overlord  
  31  2:49  Drone  
  32  2:58  Zergling x2  
  33  2:59  Drone  
  33  3:03  Spine Crawler  
  33  3:12  Drone x2  
  35  3:13  Drone x2  
  35  3:14  Drone x4  
  35  3:18  Hatchery, Baneling x2  
  40  3:28  Overlord  
  40  3:31  Zergling x4  
  42  3:35  Drone  
  42  3:39  Overlord  
  43  3:46  Queen  
  44  3:49  Baneling, Zergling x4  
  44  3:50  Zergling x4  
  48  3:59  Zergling x8  
  52  4:05  Zergling x2  
  43  4:18  Drone  
  43  4:19  Drone x2  
  43  4:21  Queen  
  48  4:25  Baneling x2  
  48  4:26  Baneling  
  48  4:27  Zergling x12  
  52  4:31  Queen, Roach Warren  
  52  4:35  Zergling x4, Extractor  
  51  4:38  Baneling x2  
  51  4:41  Overlord  
  41  5:00  Drone x2  
  41  5:01  Drone x8  
  45  5:19  Roach x3  
  51  5:29  Roach x2  
  51  5:32  Roach  
  56  5:39  Roach x2  
  59  5:46  Roach x2  
  57  5:51  Roach  
  59  5:58  Ravager  
  58  6:06  Zergling x10  
  61  6:15  Zergling x2  
  61  6:16  Zergling x6  
  65  6:25  Zergling x4  
  65  6:26  Zergling x4  
  69  6:37  Roach x2  
  73  6:40  Overlord  
  73  6:46  Ravager  
  70  6:50  Zergling x10  
  68  6:55  Zergling x2  
  68  6:56  Zergling x2  
  65  7:01  Ravager  
  65  7:02  Baneling  
  65  7:03  Ravager  
  65  7:05  Zergling x2  
  67  7:12  Baneling  
  67  7:13  Baneling  

Tags
 
Add a new tag
Caveats
  • Supply blocks, unpowered buildings, or Contaminate may cause inaccurate times.
  • Supply counts are checked every 10 seconds.